 Dungeon Crawl Stone Soup version 0.28-a0-1493-g08698888e4 (webtiles) character file.

Game seed: 8730880751674395118

627 cheechan the Magician (level 7, -10/57 HPs)
             Began as a Naga Air Elementalist on Jan 12, 2022.
             Was an Elder of Cheibriados.
             Mangled by a hellwing (14 damage)
             ... summoned by a kobold demonologist
             ... on level 5 of the Dungeon.
             The game lasted 00:19:42 (3889 turns).

cheechan the Magician (Naga Air Elementalist)       Turns: 3889, Time: 00:19:47

Health: -10/57     AC:  5    Str: 20    XL:     7   Next: 48%
Magic:  11/14      EV: 11    Int: 26    God:    Cheibriados [****..]
Gold:   149        SH:  0    Dex: 20    Spells: 4/15 levels left

rFire   . . .      SeeInvis +   l - +3 short sword (vamp)
rCold   . . .      Faith    .   (no shield)
rNeg    . . .      Spirit   .   a - +0 robe
rPois   +          Reflect  .   (no helmet)
rElec   .          Harm     .   k - +0 cloak
rCorr   .          Rampage  .   h - +0 pair of gloves
Will    .....                   (no barding)
Stlth   +++.......              (no amulet)
HPRegen 0.19/turn               (no ring)
MPRegen 0.14/turn               (no ring)

@: lethally poisoned (-10 -> -16), very slow
A: AC +2, large, see invisible, deformed body, poison resistance, slowness 2,
spit poison 1, naga tail 1
a: Spit Poison, Renounce Religion, Bend Time, Temporal Distortion, Slouch


You were on level 5 of the Dungeon.
You worshipped Cheibriados.
Cheibriados was greatly pleased with you.
You visited 1 branch of the dungeon, and saw 5 of its levels.

You collected 149 gold pieces.

Inventory:

Hand Weapons
 l - a +3 vampiric short sword (weapon)
Missiles
 c - 110 bolts
 e - 82 stones
 f - 110 arrows
Armour
 a - a +0 robe (worn)
 h - a +0 pair of gloves (worn)
 k - a +0 cloak (worn)
Scrolls
 i - a scroll of identify
 j - a scroll of amnesia {unknown}
Potions
 b - 2 potions of curing
 d - 2 potions of lignification
 g - 2 potions of mutation {unknown}


   Skills:
 + Level 1.1 Fighting
 + Level 0.5 Short Blades
 * Level 2.9 Staves
 + Level 2.3 Dodging
 + Level 4.0 Stealth
 * Level 4.7 Spellcasting
 + Level 2.5 Conjurations
 + Level 0.4 Summonings
 + Level 4.2 Air Magic


You had 4 spell levels left.
You knew the following spells:

 Your Spells              Type           Power      Damage    Failure   Level
a - Shock                 Conj/Air       92%        1d8       1%          1
b - Static Discharge      Conj/Air       23%        N/A       3%          2
c - Passwall              Tmut/Erth      5%         N/A       12%         2
d - Magic Dart            Conj           76%        1d6       2%          1
e - Call Imp              Summ           8%         N/A       10%         2
f - Mephitic Cloud        Conj/Pois/Air  18%        N/A       10%         3

Your spell library contained the following spells:

 Spells                   Type           Power      Damage    Failure   Level
 Swiftness                Air            28%        N/A       4%          3
 Ensorcelled Hibernation  Hex/Ice        12%        N/A       12%         2
 Airstrike                Air            14%        N/A       14%         4
 Petrify                  Tmut/Erth      6%         N/A       61%         4
 Metabolic Englaciation   Hex/Ice        3%         N/A       91%         5
 Statue Form              Tmut/Erth      4%         N/A       100%        6


Dungeon Overview and Level Annotations

Branches:
Dungeon (5/15)
 Temple: D:4-7

Altars:
Cheibriados
Kikubaaqudgha
Qazlal
Zin

Shops:
D:2 :


Innate Abilities, Weirdness & Mutations

Your serpentine skin is tough. (AC +2)
You have supernaturally acute eyesight. (SInv)
Armour fits poorly on your strangely shaped body.
Your system is resistant to poisons. (rPois)
You cover ground very slowly.
You can spit poison.
You have a snake-like lower body.


Message History

Confirm with . or Enter, or press ? or * to list all spells.
Aiming: Shock (safe; 1% risk of failure)
Press: ? - help, Shift-Dir - straight line, f - kobold demonologist, p - iguana
Aim: a kobold demonologist, wielding a +0 dagger and wearing a +0 robe (64% to hit)
Okay, then.
Casting: Shock (safe; 1% risk of failure)
Confirm with . or Enter, or press ? or * to list all spells.
Aiming: Mephitic Cloud (dangerous; 10% risk of failure)
Press: ? - help, Shift-Dir - straight line, p - iguana Out of range.
Okay, then.
Casting: Mephitic Cloud (dangerous; 10% risk of failure)
Confirm with . or Enter, or press ? or * to list all spells.
Aiming: Shock (safe; 1% risk of failure)
Press: ? - help, Shift-Dir - straight line, f/p - iguana
Aim: an iguana (heavily wounded, 77% to hit)
Okay, then.
A killer bee comes into view. x2
The kobold demonologist casts a spell.
Your magical contamination has completely faded away.
The killer bee stings you. x2
The killer bee stings you but does no damage.
Found a sapphire potion.
The killer bee closely misses you. The killer bee stings you.
The killer bee closely misses you. The killer bee stings you.
The killer bee closely misses you. The killer bee stings you.
The killer bee stings you. x2; The killer bee misses you.
The killer bee stings you! x2; The killer bee barely misses you.
The killer bee stings you. x2
The killer bee stings you but does no damage.
The killer bee misses you. The killer bee closely misses you.
The killer bee misses you. The killer bee stings you!
* * * LOW HITPOINT WARNING * * *
You are poisoned.
The killer bee poisons you! The killer bee stings you!
* * * LOW HITPOINT WARNING * * *
The hellwing swoops through the air toward you!
The hellwing hits you!
You die...

8.....8.....##
......... #..##
........# #...##
.$......###....#
...>....4......#
..........Kl..## #
8...^.8.###y.## ..
......).# #y## ...
#.#.###.# #@##.. .
#.......# #.4.......
#######.###.###..#..
#.............
#####.######.# ##
#.# .# .. #.# .# #.
#.######.# #.
#........#


You could see a hellwing (summoned), a kobold demonologist, an iguana and 2
killer bees.

Vanquished Creatures
  3 ogres (D:4)
  A scorpion (D:4)
  2 hounds (D:5)
  A jelly (D:5)
  Crazy Yiuf (D:4)
  An iguana (D:4)
  Natasha (twice) (D:2)
  3 adders
  An ufetubus (D:5)
  2 worms (D:2)
  2 dart slugs
  2 orcs (D:4)
  7 ball pythons
  7 bats
  7 endoplasms
  6 goblins
  8 hobgoblins
  12 jackals
  2 quokkas
  3 frilled lizards
  6 kobolds
  5 rats
84 creatures vanquished.

Vanquished Creatures (collateral kills)
  A worm (D:3)
1 creature vanquished.

Vanquished Creatures (others)
  A human (D:4)
1 creature vanquished.

Grand Total: 86 creatures vanquished

Notes
Turn   | Place    | Note
-------+----------+-------------------------------------------
     0 | D:1      | cheechan the Naga Air Elementalist began the quest for the
                  | Orb.
     0 | D:1      | Reached XP level 1. HP: 15/15 MP: 3/3
   210 | D:1      | Found a faded altar of an unknown god.
   213 | D:1      | Prayed at the altar of an unknown god.
   213 | D:1      | Became a worshipper of Cheibriados the Contemplative
   213 | D:1      | Reached * piety under Cheibriados
   330 | D:1      | Reached XP level 2. HP: 11/22 MP: 0/5
   417 | D:1      | Learned a level 2 spell: Static Discharge
   536 | D:1      | Reached ** piety under Cheibriados
   553 | D:1      | Reached XP level 3. HP: 16/28 MP: 0/6
  1006 | D:2      | Noticed Natasha
  1010 | D:2      | Killed Natasha
  1011 | D:2      | Reached XP level 4. HP: 34/36 MP: 4/7
  1054 | D:2      | Noticed Natasha
  1059 | D:2      | Killed Natasha
  1314 | D:2      | Found Yleliukh's Book Boutique.
  1337 | D:2      | Learned a level 2 spell: Passwall
  1481 | D:2      | Reached skill level 1 in Staves
  1653 | D:2      | Reached *** piety under Cheibriados
  1707 | D:3      | Found a stormy altar of Qazlal.
  1708 | D:3      | Noticed a water elemental
  1710 | D:3      | Noticed an earth elemental
  1710 | D:3      | Noticed a fire elemental
  1710 | D:3      | Noticed an air elemental
  1959 | D:3      | Learned a level 1 spell: Magic Dart
  1962 | D:3      | Learned a level 2 spell: Call Imp
  2034 | D:3      | Reached XP level 5. HP: 43/43 MP: 7/9
  2139 | D:3      | Found a snail-covered altar of Cheibriados.
  2157 | D:3      | Found a glowing silver altar of Zin.
  2683 | D:4      | Noticed an ogre
  2690 | D:4      | Killed an ogre
  2698 | D:4      | Reached XP level 6. HP: 17/50 MP: 0/11
  2961 | D:4      | Reached **** piety under Cheibriados
  3382 | D:4      | Found an ancient bone altar of Kikubaaqudgha.
  3385 | D:4      | Noticed a human
  3385 | D:4      | Killed a human
  3397 | D:4      | Learned a level 3 spell: Mephitic Cloud
  3443 | D:4      | Reached skill level 1 in Fighting
  3632 | D:4      | Reached XP level 7. HP: 57/57 MP: 4/13
  3683 | D:4      | Found a runed translucent door.
  3684 | D:4      | Noticed Crazy Yiuf
  3690 | D:4      | Killed Crazy Yiuf
  3816 | D:5      | Entered Level 5 of the Dungeon
  3882 | D:5      | Noticed a kobold demonologist
  3885 | D:5      | Noticed a hellwing
  3889 | D:5      | Mangled by a hellwing

Illustrated notes

Levels and vault maps discovered:
D:1:      psy_arrival_spokes, layout_basic,
          hellmonk_ecumenical_altar_inner_sanctum
D:2:      layout_loops_corners, serial_shops, shop, uniq_natasha
D:3:      layout_loops_corners, nicolae_qazlal_style_of_elements, minitemple
D:4:      layout_basic, tgw_kikubaaqudgha, uniq_crazy_yiuf_cottage
D:5:      layout_loops_ring, riverfiend_overflow_shadow_ancestor,
          lightli_temple_of_fire, xom_teletrap_fun, old_standard_altar,
          minivault_19, hangedman_abyss_or_decor_jellyfish_corner, st_stairs_1,
          uniq_ijyb

Skill      XL: |  1  2  3  4  5  6 |
---------------+-------------------+-----
Staves         | 1 2 |  2.9
Spellcasting   | 3 4 |  4.7
Conjurations   | 2 |  2.5
Air Magic      | 4 |  4.2
Dodging        | 2 |  2.3
Fighting       | 1 |  1.1
Stealth        | 4 |  4.0
Short Blades   | |  0.5
Summonings     | |  0.4

Action                   |  1- 3 |  4- 6 |  7- 9 || total
-------------------------+-------+-------+-------++-------
Melee: Unarmed           |    19 |       |       ||    19
       Punch             |     1 |       |       ||     1
       War axe           |     3 |     8 |       ||    11
       Short sword       |       |    10 |     5 ||    15
 Cast: Shock             |    39 |    68 |    11 ||   118
       Static Discharge  |       |     8 |     4 ||    12
       Call Imp          |       |     4 |       ||     4
       Magic Dart        |       |     2 |     2 ||     4
       Mephitic Cloud    |       |     2 |     1 ||     3
       Passwall          |       |       |     1 ||     1
 Abil: Spit Poison       |    14 |    11 |     1 ||    26
  Use: Scroll            |       |     6 |       ||     6
 Stab: Sleeping          |       |     1 |       ||     1
Armor: Robe              |    12 |    14 |     8 ||    34
Dodge: Dodged            |    49 |    20 |    27 ||    96

Table legend: (Time is in decaauts)
 A = Elapsed time spent in this place.
 B = Non-inter-level travel time spent in this place.
 C = Inter-level travel time spent in this place.
 D = Time resting spent in this place.
 E = Time spent auto-exploring this place.
 F = Levels seen in this place.
 G = Mean time per level.
                   A        B        C        D        E       F      G
               +--------+--------+--------+--------+--------+-----+--------+
         Total |   7692 |   7692 |      0 |    202 |      0 |   5 | 1538.4 |
       Dungeon |   7692 |   7692 |      0 |    202 |      0 |   5 | 1538.4 |
               +--------+--------+--------+--------+--------+-----+--------+

Top non-repeatable levels by time:
     D:4: 2373 daAuts
     D:3: 2001 daAuts
     D:2: 1902 daAuts
     D:1: 1274 daAuts
     D:5: 141 daAuts
